Map: Frozen Temple

Players

Nickos - Winner!

  • Race: Terran Terran
  • League: Gold

majaja

  • Race: Protoss Protoss
  • League: Platinum

VOD

Have the link to the VOD?

Description

Time

  • Played on: Sept. 22, 2016, 7:25 a.m.
  • Length: 11:49
Show
View Real Time Build Order
Export as new Build Order

Nickos Terran - Winner!

Build Orders: MMM Bio 

Get SALT Encoding   

  12  0:00  SCV  
  13  0:13  SCV  
  14  0:22  Supply Depot  
  14  0:25  SCV  
  15  0:43  SCV  
  15  0:44  Barracks  
  16  0:55  SCV  
  17  1:08  SCV  
  18  1:20  SCV  
  18  1:24  Command Center  
  19  1:32  SCV  
  20  1:39  Supply Depot, Marine  
  21  1:45  Orbital Command  
  21  1:57  Barracks  
  21  2:06  Marine  
  22  2:10  Barracks  
  22  2:16  SCV  
  23  2:28  SCV  
  24  2:39  Orbital Command  
  24  2:41  SCV  
  24  2:42  Marine  
  26  2:45  Refinery  
  26  2:48  Refinery, Bunker  
  25  2:52  Marine  
  26  2:59  Marine  
  27  3:05  Marine  
  27  3:10  Marine  
  29  3:13  SCV x2  
  29  3:17  Marine  
  32  3:25  SCV  
  32  3:26  Barracks Tech Lab  
  32  3:29  SCV  
  33  3:34  Supply Depot  
  33  3:36  Barracks Reactor  
  33  3:37  SCV  
  33  3:38  Barracks Reactor  
  34  3:41  SCV  
  35  3:49  SCV, Marauder  
  35  3:53  SCV  
  39  3:58  Supply Depot  
  39  4:01  SCV  
  40  4:02  Stimpack  
  40  4:07  SCV  
  41  4:11  Marauder  
  41  4:13  SCV  
  44  4:17  Marine x4  
  44  4:19  SCV  
  44  4:23  Supply Depot  
  49  4:25  Barracks  
  49  4:26  SCV  
  49  4:28  Factory  
  49  4:31  Marine, SCV  
  51  4:38  SCV  
  53  4:40  Marine x3  
  53  4:41  Marine  
  53  4:43  SCV  
  58  4:45  Supply Depot  
  58  4:50  SCV, Marauder  
  60  4:55  SCV  
  60  4:58  Marine x3  
  64  5:02  SCV  
  64  5:03  Marine  
  66  5:07  SCV  
  66  5:11  Marauder  
  66  5:13  Command Center  
  69  5:14  Factory Reactor, SCV  
  69  5:17  Starport  
  69  5:19  SCV  
  71  5:21  Barracks Tech Lab  
  71  5:24  Supply Depot  
  71  5:26  SCV  
  72  5:28  Supply Depot  
  72  5:29  Marine x2  
  72  5:30  Marine  
  72  5:31  SCV  
  72  5:33  Marauder  
  78  5:42  Engineering Bay  
  78  5:46  Engineering Bay  
  78  5:49  SCV  
  80  5:50  SCV  
  80  5:51  Marine x2  
  80  5:52  Marine  
  83  5:58  Liberator  
  83  6:03  Combat Shields, SCV x2  
  83  6:13  Marine x3  
  83  6:14  Marauder x2  
  83  6:15  SCV  
  94  6:26  Marine  
  94  6:30  Medivac, Marine  
  98  6:35  Marauder  
  100  6:40  Supply Depot  
  100  6:43  Refinery, Marine x2  
  100  6:44  Refinery, SCV, Marine  
  100  6:45  SCV  
  105  6:48  Terran Infantry Weapons Level 1  
  105  6:52  Supply Depot  
  105  6:58  Marauder x2  
  109  7:03  Marine x4  
  113  7:13  Supply Depot  
  113  7:15  Supply Depot  
  113  7:16  Medivac  
  113  7:19  Marine x2  
  117  7:27  Armory  
  109  7:36  Supply Depot  
  103  7:41  Marauder x2  
  103  7:42  Marine x4  
  111  7:53  Medivac  
  113  7:59  Marine  
  113  8:00  Marine x3  
  113  8:03  Marauder x2  
  121  8:08  Liberator, Barracks  
  121  8:09  Orbital Command, Barracks  
  121  8:11  Barracks  
  121  8:12  SCV x2  
  120  8:17  Marine x2  
  120  8:18  Marine x2  
  124  8:24  SCV x2, Marine x2  
  131  8:35  Marine x3  
  131  8:36  SCV, Marine  
  131  8:37  Command Center, SCV  
  137  8:41  Medivac, Marine  
  137  8:42  Marine  
  141  8:49  SCV  
  141  8:50  Supply Depot  
  141  8:51  Supply Depot  
  141  8:53  Marine x4  
  146  9:00  Marauder x2  
  150  9:05  Barracks Reactor x2  
  150  9:06  Barracks Reactor  
  150  9:11  Marine x4  
  154  9:18  Liberator  
  154  9:21  Refinery, Marauder x2  
  158  9:25  Medivac  
  160  9:32  Marine  
  160  9:33  Marine x3  
  167  9:42  Marauder  
  167  9:43  Marauder  
  167  9:45  Marine x2  
  171  9:48  Marine x4  
  171  9:50  Marine x2  
  171  9:51  Marine x2  
  171  9:52  Supply Depot  
  181  9:56  Barracks, Supply Depot  
  181  9:57  Medivac, Barracks  
  183  10:00  Sensor Tower  
  183  10:03  Marine x4  
  187  10:15  Marine x3  
  187  10:16  Marine x5  
  187  10:20  SCV x2  
  187  10:21  SCV, Marine x2  
  193  11:04  Marine x6  
  185  11:05  Marine x4  
  185  11:06  Marine x2  
  195  11:21  Marine  
Show
View Real Time Build Order
Export as new Build Order

majaja Protoss 

Build Orders: 1 Gate Expand 

Get SALT Encoding   

  12  0:03  Probe (Chrono Boost)  
  13  0:13  Probe (Chrono Boost)  
  14  0:18  Pylon  
  14  0:24  Probe (Chrono Boost)  
  15  0:36  Probe (Chrono Boost)  
  15  0:39  Gateway  
  16  0:46  Assimilator  
  16  0:48  Probe (Chrono Boost)  
  17  0:59  Probe (Chrono Boost)  
  18  1:23  Nexus  
  18  1:35  Cybernetics Core  
  18  1:42  Assimilator  
  18  1:46  Probe (Chrono Boost)  
  19  1:56  Probe (Chrono Boost)  
  20  2:07  Probe (Chrono Boost)  
  21  2:09  Adept  
  21  2:14  Warp Gate  
  23  2:36  Probe (Chrono Boost)  
  24  2:39  Mothership Core (Chrono Boost)  
  26  2:48  Probe (Chrono Boost)  
  27  2:58  Probe (Chrono Boost)  
  28  3:00  Probe (Chrono Boost)  
  28  3:03  Robotics Facility  
  29  3:08  Probe (Chrono Boost)  
  29  3:12  Probe (Chrono Boost), Pylon  
  31  3:19  Probe (Chrono Boost)  
  32  3:24  Probe (Chrono Boost)  
  33  3:29  Probe (Chrono Boost)  
  34  3:37  Probe (Chrono Boost), Sentry  
  34  3:40  Probe (Chrono Boost)  
  38  3:42  Pylon  
  39  3:49  Probe (Chrono Boost), Observer  
  39  3:50  Probe (Chrono Boost), Assimilator  
  41  4:01  Probe x2 (Chrono Boost)  
  41  4:02  Gateway  
  43  4:03  Gateway  
  43  4:06  Gateway, Warp Prism  
  43  4:11  Probe (Chrono Boost)  
  43  4:13  Probe (Chrono Boost)  
  47  4:20  Sentry  
  50  4:25  Probe (Chrono Boost)  
  50  4:39  Pylon  
  50  4:41  Twilight Council  
  50  4:48  Gateway  
  50  4:50  Gateway, Sentry  
  50  4:51  Gateway  
  52  5:07  Resonating Glaives  
  52  5:08  Sentry  
  55  5:15  Probe (Chrono Boost)  
  55  5:16  Probe (Chrono Boost)  
  55  5:19  Pylon  
  56  5:23  Pylon  
  56  5:28  Immortal  
  60  5:47  Nexus  
  60  5:48  Pylon  
  60  5:51  Pylon  
  60  5:52  Pylon  
  60  5:59  Adept x5  
  54  6:29  Immortal  
  54  6:30  Probe x2 (Chrono Boost)  
  54  6:32  Assimilator  
  52  6:36  Adept  
  52  6:37  Adept x6  
  70  6:42  Probe (Chrono Boost)  
  70  6:43  Probe (Chrono Boost)  
  74  6:54  Probe (Chrono Boost)  
  74  6:55  Probe (Chrono Boost), Pylon  
  74  6:59  Forge  
  74  7:02  Forge  
  74  7:03  Adept, Immortal  
  74  7:04  Adept  
  74  7:07  Probe x2 (Chrono Boost), Sentry x3  
  90  7:19  Adept x2  
  91  7:38  Adept  
  91  7:39  Adept x3  
  91  7:42  Probe (Chrono Boost)  
  91  7:43  Probe x2 (Chrono Boost)  
  101  7:48  Stalker  
  101  7:49  Stalker  
  104  8:01  Protoss Ground Weapons Level 1  
  101  8:33  Photon Cannon  
  101  8:36  Adept x3  
  101  8:37  Photon Cannon, Adept  
  101  8:38  Photon Cannon  
  101  8:40  Immortal  
  113  8:51  Probe (Chrono Boost)  
  113  8:52  Probe x2 (Chrono Boost)  
  116  8:59  Pylon  
  117  9:04  Probe (Chrono Boost)  
  117  9:09  Photon Cannon, Probe (Chrono Boost)  
  119  9:10  Probe (Chrono Boost)  
  119  9:12  Photon Cannon  
  119  9:14  Robotics Bay  
  120  9:17  Probe (Chrono Boost)  
  120  9:20  Probe (Chrono Boost), Assimilator  
  120  9:21  Photon Cannon, Assimilator  
  120  9:23  Probe (Chrono Boost)  
  122  9:25  Photon Cannon  
  122  9:29  Photon Cannon, Immortal  
  126  9:42  Probe x3 (Chrono Boost)  
  130  9:54  Probe (Chrono Boost), Adept  
  130  9:56  Extended Thermal Lance  
  130  9:58  Pylon  
  132  10:08  Colossus  
  138  10:23  Pylon  
  138  10:24  Pylon  
  133  11:10  Stalker x2  
  133  11:11  Stalker x3  
  137  11:17  Templar Archives  
  141  11:19  Probe x2 (Chrono Boost)  
  133  11:32  Adept x2  
Tags
 
Add a new tag
Caveats
  • Supply blocks, unpowered buildings, or Contaminate may cause inaccurate times.
  • Supply counts are checked every 10 seconds.